 Dungeon Crawl Stone Soup version 0.32-a0-22-g6ae6769602 (webtiles) character file.

Game seed: 4182413410411363101

108906 freelancePsychic the Convoker (level 16, -1/136 HPs)
             Began as a Demonspawn Wanderer on Jan 16, 2024.
             Was an Initiate of Gozag.
             Killed from afar by a starcursed mass (6 damage)
             ... with an accursed screaming
             ... on level 3 of the Abyss on Jan 18, 2024.
             The game lasted 01:10:17 (27419 turns).

freelancePsychic the Convoker (DsWn)               Turns: 27419, Time: 01:10:18

Health: -1/136     AC: 27    Str: 13    XL:     16   Next: 3%
Magic:  0/35       EV: 17    Int: 25    God:    Gozag
Gold:   5694       SH:  6    Dex: 17    Spells: 12/29 levels left

rFire   + . .        R - +5 dagger "Huppelli" {drain, rC+}
rCold   + + .        b - +0 buckler
rNeg    . . .        v - +1 troll leather armour
rPois   +            (helmet unavailable)
rElec   +            l - +2 cloak "Rogyisey" {MP+9}
rCorr   +            o - +2 pair of gloves {Dex+3}
SInv    +            y - +2 pair of boots
Will    +....        n - amulet of regeneration
Stlth   +            E - +4 ring of protection
HPRegen 0.00/turn    i - +6 ring of intelligence
MPRegen 0.48/turn

%: guardian spirit
@: about to teleport, resistant, gold aura, sanguine armoured, sick, glowing,
invisible (but backlit and visible)
A: antennae 3, spiny 1, magic shield, magic regeneration, sanguine armour 2
a: Renounce Religion, Potion Petition, Call Merchant, Bribe Branch


You were on level 3 of the Abyss.
You worshipped Gozag.
Gozag was greatly pleased with you.
You visited 3 branches of the dungeon, and saw 22 of its levels.
You visited the Abyss 1 time.

You collected 10884 gold pieces.
You spent 1315 gold pieces at shops.
You paid 3875 gold pieces to Gozag.

Inventory:

Hand Weapons
 R - the +5 dagger "Huppelli" (weapon) {drain, rC+}
   (You bought it in a shop on level 12 of the Dungeon)

   rC+:       It protects you from cold.
Armour
 b - a +0 buckler (worn)
 l - the +2 cloak "Rogyisey" (worn) {MP+9}
   (You acquired it on level 9 of the Dungeon)

   MP+9:      It affects your magic capacity (+9).
 o - a +2 pair of gloves of dexterity (worn)
 v - a +1 troll leather armour (worn)
 y - a +2 pair of boots (worn)
Jewellery
 i - a +6 ring of intelligence (right hand)
 m - a ring of ice
 n - an amulet of regeneration (around neck)
 B - a ring of flight
 E - a +4 ring of protection (left hand)
 M - a ring of magical power
 U - a +4 ring of protection
 W - an amulet of the acrobat
 X - a ring of willpower
Wands
 d - a wand of flame (19)
 s - a wand of digging (4)
 t - a wand of quicksilver (3)
 P - a wand of iceblast (20)
 S - a wand of mindburst (6)
Scrolls
 a - a scroll of identify {@r1}
 c - 4 scrolls of vulnerability
 e - 7 scrolls of teleportation {@r4}
 f - 6 scrolls of enchant weapon
 h - 6 scrolls of amnesia
 j - 2 scrolls of brand weapon
 A - 2 scrolls of fog
 F - a scroll of silence
 I - 3 scrolls of blinking
 J - 2 scrolls of revelation
 L - 2 scrolls of poison
 Q - 3 scrolls of torment
Potions
 k - 6 potions of curing {@q1}
 p - 4 potions of brilliance
 q - 7 potions of attraction
 r - 3 potions of degeneration
 u - 2 potions of haste {unknown}
 w - 6 potions of invisibility {unknown}
 x - 2 potions of berserk rage {unknown}
 z - a potion of resistance
 C - 6 potions of enlightenment {unknown}
 D - 4 potions of lignification
 G - 5 potions of might
 H - 2 potions of mutation {unknown}
 N - 3 potions of heal wounds {unknown}
 O - 4 potions of ambrosia {unknown}
 V - 2 potions of magic {unknown}
Miscellaneous
 K - a box of beasts
 T - a phial of floods


   Skills:
 - Level 15.4 Fighting
 + Level 2.7 Short Blades
 + Level 3.8 Armour
 * Level 10.8 Dodging
 - Level 5.2 Shields
 - Level 7.0 Spellcasting
 - Level 8.1 Hexes
 * Level 17.0 Summonings
 - Level 5.9 Ice Magic


You had 12 spell levels left.
You knew the following spells:

 Your Spells              Type           Power      Damage    Failure   Level
a - Summon Mana Viper     Hex/Summ       64%        N/A       1%          5
b - Monstrous Menagerie   Summ           38%        N/A       9%          7
c - Summon Ice Beast      Ice/Summ       60%        N/A       1%          3
i - Call Imp              Summ           100%       N/A       0%          2

Your spell library contained the following spells:

 Spells                   Type           Power      Damage    Failure   Level
 Summon Small Mammal      Summ           100%       N/A       0%          1
 Call Canine Familiar     Summ           76%        N/A       1%          3
 Ozocubu's Armour         Ice            38%        N/A       3%          3
 Summon Blazeheart Golem  Fire/Summ      50%        N/A       3%          4
 Inner Flame              Hex/Fire       29%        N/A       6%          3
 Sting                    Conj/Alch      32%        1d5       11%         1
 Mercury Vapours          Alch/Air       16%        N/A       17%         2
 Sublimation of Blood     Necr           8%         N/A       17%         2
 Metabolic Englaciation   Hex/Ice        21%        N/A       17%         5
 Brom's Barrelling Bould  Conj/Erth      8%         2d3       73%         4
 Olgreb's Toxic Radiance  Alch           8%         N/A       73%         4
 Petrify                  Alch/Erth      8%         N/A       73%         4
 Vhi's Electric Charge    Tloc/Air       16%        N/A       73%         4
 Arcjolt                  Conj/Air       4%         1d14      97%         5
 Fireball                 Conj/Fire      4%         3d4       97%         5
 Irradiate                Conj/Alch      4%         3d13      97%         5
 Iskenderun's Battlesphe  Conj           8%         2d6       97%         5
 Sculpt Simulacrum        Ice/Alch       11%        N/A       99%         6
 Conjure Ball Lightning   Conj/Air       4%         3x3d6     100%        6
 Orb of Destruction       Conj           4%         9d5       100%        7
 Ignition                 Fire           4%         3d4       100%        8
 Maxwell's Capacitive Co  Air            4%         ∞         100%        8


Dungeon Overview and Level Annotations

Branches:
Dungeon (15/15)            Temple (0/1) D:7            Lair (5/5) D:8
  Swamp (0/4) Lair:3        Snake (0/4) Lair:2        Slime (0/5) Lair:5
    Orc (2/2) D:10            Elf (0/3) Orc:2        Vaults (0/5) D:14
 Depths: D:15

Altars:
Cheibriados
Dithmenos
Gozag
Sif Muna
Vehumet
Xom
Jiyva

Shops:
D:1 *[   D:9 [   D:10 *   D:11 *   D:12 (   Orc:2 (:[((

Annotations:
D:2 Sigmund
D:6 1 exclusion
D:8 4 runed translucent doors
D:10 3 runed translucent doors, DeathSocks's ghost, journeyman VSFi; Xavori's ghost, journeyman DjCK
D:15 3 runed translucent doors, Ipnialaiqo's ghost, journeyman FeSh
Lair:2 exclusion: 2 oklob plants
Lair:4 exclusion: oklob plant
Lair:5 1 runed translucent door, jestert79's ghost, journeyman DrWr


Innate Abilities, Weirdness & Mutations

You have a pair of large antennae on your head. (SInv)
You are partially covered in sharp spines.
When hurt, damage is shared between your health and your magic reserves.
You regenerate magic rapidly.
When seriously injured, your blood forms thick armour. (AC +9)


Message History

The hell hog breathes fire at you.
The fireball explodes!
The fireball engulfs you! You resist.
* * * LOW HITPOINT WARNING * * *
The fireball engulfs the hell hog.
The hell hog completely resists.
The fireball engulfs the hell hog.
The hell hog completely resists.
The fireball engulfs the hell hog.
The hell hog completely resists.
The hell hog squeals angrily.
Your manticore flicks its tail.
The volley of spikes skewers the daeva!
The daeva calls down the wrath of the Shining One upon you.
The Shining One smites you!
* * * LOW HITPOINT WARNING * * *
The hell hog is struck by your spines.
The hell hog bites you but does no damage.
You hear a hideous shriek! x2
You feel better.
A laughing skull comes into view.
You feel ill. The hell hog breathes fire at you.
The fireball explodes!
The fireball engulfs you but does no damage.
The fireball engulfs the hell hog.
The hell hog completely resists.
The fireball engulfs the hell hog.
The hell hog completely resists.
The fireball engulfs the hell hog.
The hell hog completely resists.
The hell hog breathes fire at your manticore.
The fireball explodes!
The fireball engulfs you! You resist.
* * * LOW HITPOINT WARNING * * *
The fireball engulfs the hell hog.
The hell hog completely resists.
The fireball engulfs the hell hog.
The hell hog completely resists.
The fireball engulfs the hell hog.
The hell hog completely resists.
The hell hog breathes fire at you.
The fireball explodes!
The fireball engulfs you! You resist.
* * * LOW HITPOINT WARNING * * *
The fireball engulfs the hell hog.
The hell hog completely resists.
The fireball engulfs the hell hog.
The hell hog completely resists.
The fireball engulfs the hell hog.
The hell hog completely resists.
A starcursed mass splits.
A chorus of shrieks assaults your mind.
You die...
Your body crumbles into a pile of gold.

.. #. #.
##.#######
..$#.
..#X#..# ##.#
##
..{.$....#. #
#..#{##......
# .##XX#.#...
# #..
#H#.X#.. .
#.##AX#.# ##
. #hh#.#h# {
{# #@#h ..# {
{,#h## #. #


zx., ,..# x#### #A. .. #. #., .. .. You could see 3 starcursed masses, a daeva
(skewered), 3 hell hogs, an ancient zyme, a large abomination, a small
abomination, a laughing skull and a friendly manticore (summoned, sick).

Vanquished Creatures
  A tentacled starspawn (Abyss:3)
  A catoblepas (D:13)
  A vault guard (D:14)
  5 centaur warriors
  A two-headed ogre (D:12)
  4 death yaks
  3 boulder beetles
  An orc high priest (Orc:2)
  2 thrashing horrors (Abyss:3)
  A wretched star (Abyss:2)
  A large abomination (Abyss:3)
  An orc knight (Orc:1)
  2 deep elf pyromancers
  2 ugly things (D:15)
  An orc sorcerer (Orc:2)
  4 manticores
  2 cyclopes
  Maurice (D:7)
  6 elephants (Lair:2)
  A torpor snail (Lair:5)
  A slime creature (D:12)
  3 cane toads
  Maggie (D:7)
  Jeremiah (D:8)
  A rime drake (Lair:3)
  6 nameless horrors
  A polar bear (Lair:5)
  A queen bee (Lair:2)
  A troll (D:11)
  3 blink frogs
  A spriggan (shapeshifter) (D:15)
  4 wyverns
  17 yaks
  A steam dragon (D:8)
  A vampire mosquito (D:13)
  An acid dragon (D:9)
  5 water moccasins
  A water moccasin (shapeshifter) (D:14)
  5 orc warriors
  A black bear (D:5)
  3 ice beasts
  Duvessa (D:7)
  5 ogres
  9 wolves
  3 centaurs
  2 kobold brigands
  5 bullfrogs
  Dowan (D:7)
  23 killer bees
  An electric eel (Lair:3)
  2 howler monkeys
  A hound (D:6)
  15 orc priests
  3 iguanas
  11 orc wizards
  3 hell rats (D:8)
  Robin (D:4)
  11 gnolls
  4 river rats
  4 adders
  A white imp (Abyss:3)
  3 dart slugs
  A ribbon worm (D:2)
  30 orcs
  6 ball pythons
  6 endoplasms
  3 giant cockroaches
  11 goblins
  8 hobgoblins
  6 quokkas
  2 bats
  A frilled lizard (D:2)
  14 kobolds
  17 rats
314 creatures vanquished.

Vanquished Creatures (collateral kills)
  Jorgrun (D:12)
  A sphinx (D:12)
  A tentacled starspawn (Abyss:3)
  A fire giant (D:12)
  An orc warlord (Orc:1)
  Nessos (D:13)
  An ophan (Abyss:3)
  A dire elephant (Lair:5)
  The ghost of p00ps00p the Cleaver, a journeyman HOFi of Gozag (Orc:1)
  A yaktaur captain (D:12)
  2 catoblepae (Lair:5)
  5 hydras
  2 tengu warriors
  4 centaur warriors
  A two-headed ogre (D:8)
  10 death yaks
  A hell hog (Abyss:3)
  An orc high priest (Orc:2)
  A thrashing horror (Abyss:3)
  A wretched star (Abyss:3)
  Lodul (D:9)
  A skyshark (Lair:4)
  A sixfirhy (Abyss:3)
  A bog body (Lair:3)
  A large abomination (Abyss:2)
  2 lindwurms (Lair:5)
  An orc knight (D:15)
  6 ugly things
  2 deep elf zephyrmancers (D:12)
  A wolf spider (Lair:5)
  4 orc sorcerers
  6 manticores
  3 elephants
  8 cyclopes
  6 black mambas
  5 gargoyles
  7 cane toads
  A smoke demon (Abyss:3)
  4 orange demons (Orc:1)
  An unseen horror (D:12)
  8 komodo dragons
  2 tengu conjurers
  6 rime drakes
  A polar bear (Lair:5)
  Grinder (D:6)
  7 trolls
  8 blink frogs
  Prince Ribbit (D:6)
  12 dream sheep
  A harpy skeleton (Abyss:2)
  6 slime creatures
  2 shadows
  A vampire (D:11)
  27 yaks
  A wraith (D:10)
  A water elemental (D:15)
  7 nameless horrors
  6 wyverns
  7 basilisks
  Grum (D:8)
  A warg (Orc:1)
  7 vampire mosquitoes
  2 steam dragons (D:10)
  Edmund (D:6)
  A swamp worm (Lair:3)
  Menkaure (D:6)
  2 acid dragons
  14 water moccasins
  An ice beast (D:6)
  19 orc warriors
  A black bear (Lair:4)
  14 wolves
  5 ogres
  3 laughing skulls
  2 small abominations (Abyss:3)
  9 centaurs
  2 weeping skulls (Abyss:3)
  A kobold brigand (D:10)
  2 brain worms
  5 scorpions (Orc:1)
  8 bullfrogs
  3 gnoll sergeants
  3 wights
  17 killer bees
  6 jellies
  3 bombardier beetles
  17 orc priests
  A gnoll bouda (D:9)
  3 iguanas
  27 orc wizards
  A hell rat (D:8)
  12 gnolls
  2 adders
  4 river rats
  A dart slug (D:1)
  49 orcs
  An endoplasm (D:4)
  3 goblins
  3 hobgoblins (D:4)
  2 quokkas (D:8)
  2 ball pythons
  A frilled lizard (D:1)
  8 kobolds
  8 rats
  A starspawn tentacle (Abyss:3)
485 creatures vanquished.

Vanquished Creatures (others)
  A thrashing horror (Abyss:3)
  2 large abominations (Abyss:3)
  An unseen horror (D:11)
  An electric eel (D:15)
  5 starspawn tentacles (Abyss:3)
10 creatures vanquished.

Grand Total: 809 creatures vanquished

Notes
Turn   | Place    | Note
-------+----------+-------------------------------------------
     0 | D:1      | freelancePsychic the Demonspawn Wanderer began the quest
                  | for the Orb.
     0 | D:1      | freelancePsychic set off with the following items: a +0
                  | dagger, a +0 buckler, a scroll of vulnerability, a +0 robe,
                  | a potion of curing {@q1}; and the following spell
                  | memorised: Summon Small Mammal; and the following spells
                  | available to memorise: Call Imp, Summon Ice Beast.
     0 | D:1      | Reached XP level 1. HP: 16/16 MP: 3/3
   167 | D:1      | Gained mutation: When seriously injured, your blood forms
                  | armour. (AC +9) [demonic ancestry]
   167 | D:1      | Reached XP level 2. HP: 13/22 MP: 0/5
   233 | D:1      | Found Egaibb's General Store.
   250 | D:1      | Found Usefaqok's Armour Shop.
   266 | D:1      | Learned a level 2 spell: Call Imp
   763 | D:2      | Gained mutation: You have a pair of small antennae on your
                  | head. [demonic ancestry]
   763 | D:2      | Reached XP level 3. HP: 28/28 MP: 4/6
  1525 | D:2      | Gained mutation: When seriously injured, your blood forms
                  | thick armour. (AC +9) [demonic ancestry]
  1525 | D:2      | Reached XP level 4. HP: 3/35 MP: 2/7
  1529 | D:2      | HP: 1/35 [gnoll/+0 halberd (10)]
  1737 | D:2      | Noticed Sigmund
  2029 | D:2      | Learned a level 3 spell: Summon Ice Beast
  2152 | D:3      | Reached skill level 4 in Summonings
  2152 | D:3      | Reached skill level 1 in Ice Magic
  2482 | D:3      | Reached XP level 5. HP: 29/41 MP: 6/9
  2565 | D:3      | Found a faded altar of an unknown god.
  2588 | D:3      | Found a radiant altar of Vehumet.
  2589 | D:3      | Found a shimmering altar of Xom.
  2590 | D:3      | Found an opulent altar of Gozag.
  2630 | D:3      | Became a worshipper of Gozag Ym Sagoz the Greedy
  2931 | D:3      | Found a snail-covered altar of Cheibriados.
  3047 | D:4      | Gained mutation: You regenerate magic rapidly. [demonic
                  | ancestry]
  3047 | D:4      | Reached XP level 6. HP: 27/48 MP: 6/10
  3326 | D:4      | Found a shadowy altar of Dithmenos.
  3499 | D:4      | Noticed Robin
  3515 | D:4      | Killed Robin
  3722 | D:4      | Found a shimmering blue altar of Sif Muna.
  3747 | D:5      | Entered Level 5 of the Dungeon
  3827 | D:1      | Bought a +2 cloak of stealth for 215 gold pieces
  3943 | D:5      | Reached skill level 5 in Summonings
  4035 | D:5      | Gained mutation: You have a pair of antennae on your head.
                  | [demonic ancestry]
  4035 | D:5      | Reached XP level 7. HP: 49/55 MP: 7/11
  4414 | D:6      | Noticed Menkaure
  4437 | D:6      | Killed Menkaure
  4438 | D:6      | Reached skill level 5 in Fighting
  4501 | D:6      | Noticed Prince Ribbit
  4511 | D:6      | Killed Prince Ribbit
  4551 | D:6      | Gained mutation: When hurt, damage is shared between your
                  | health and your magic reserves. [demonic ancestry]
  4551 | D:6      | Reached XP level 8. HP: 51/63 MP: 8/12
  4573 | D:5      | Reached skill level 6 in Summonings
  5095 | D:6      | Noticed Edmund
  5113 | D:6      | Killed Edmund
  5194 | D:6      | Noticed Grinder
  5198 | D:6      | Paralysed by Grinder for 5 turns
  5217 | D:6      | Killed Grinder
  5441 | D:6      | Reached skill level 5 in Ice Magic
  5659 | D:7      | Reached skill level 7 in Summonings
  5659 | D:7      | Reached XP level 9. HP: 58/71 MP: 8/13
  5778 | D:7      | Noticed Duvessa
  5781 | D:7      | Noticed Dowan
  5795 | D:7      | Killed Duvessa
  5807 | D:7      | Killed Dowan
  5858 | D:7      | Noticed Maggie
  5882 | D:7      | Killed Maggie
  6096 | D:7      | Noticed Maurice
  6098 | D:7      | Maurice stole 199 gold
  6105 | D:7      | Something stole a ring of ice
  6110 | D:7      | Something stole a +0 dagger of protection
  6115 | D:7      | Something stole 527 gold
  6121 | D:7      | Killed Maurice
  6122 | D:7      | Reached skill level 5 in Shields
  6197 | D:7      | Found a staircase to the Ecumenical Temple.
  6292 | D:7      | Upgraded the game from 0.32-a0-18-g89e19f1974 to
                  | 0.32-a0-20-ge526923d97
  6552 | D:8      | Noticed a death yak
  6558 | D:8      | Noticed a death yak
  6560 | D:8      | Noticed a death yak
  6627 | D:8      | Noticed Jeremiah
  6667 | D:8      | Killed Jeremiah
  6668 | D:8      | Reached skill level 1 in Hexes
  6686 | D:8      | Reached skill level 8 in Summonings
  6731 | D:8      | Found a staircase to the Lair.
  6835 | D:8      | Noticed Grum
  6878 | D:8      | Killed Grum
  6879 | D:8      | Reached XP level 10. HP: 80/80 MP: 4/14
  7280 | D:9      | Noticed a gargoyle
  7326 | D:8      | Noticed a two-headed ogre
  7389 | D:8      | Killed a two-headed ogre
  7415 | D:8      | Found a large runed translucent door.
  7460 | D:8      | Noticed a catoblepas
  7461 | D:8      | Noticed a four-headed hydra
  7463 | D:8      | Found a large runed translucent door.
  7465 | D:8      | Found a large runed translucent door.
  7465 | D:8      | Found a large runed translucent door.
  7472 | D:8      | Learned a level 5 spell: Summon Mana Viper
  7472 | D:8      | Upgraded the game from 0.32-a0-20-ge526923d97 to
                  | 0.32-a0-22-g6ae6769602
  7534 | D:8      | Reached skill level 9 in Summonings
  7554 | D:8      | Noticed a green ugly thing
  7584 | D:8      | Killed a green ugly thing
  7665 | D:8      | Noticed a gargoyle
  7708 | D:8      | Killed a gargoyle
  7709 | D:8      | Reached skill level 5 in Hexes
  7727 | D:8      | Noticed a nameless horror
  8526 | D:8      | Gained mutation: You have a pair of large antennae on your
                  | head. (SInv) [demonic ancestry]
  8526 | D:8      | Reached XP level 11. HP: 77/86 MP: 12/15
  9124 | D:9      | Identified the +5 falchion of Quantum Leap {protect, rF+
                  | rC+ rN+ Str+3}
  9388 | D:10     | Entered Level 10 of the Dungeon
  9418 | D:10     | Found Sevvos's Assorted Antiques.
  9492 | D:10     | Reached skill level 10 in Summonings
  9542 | D:10     | Noticed a nameless horror
 10147 | D:9      | Killed a nameless horror
 10367 | D:10     | Reached skill level 10 in Fighting
 10430 | D:10     | Found a staircase to the Orcish Mines.
 10470 | D:10     | Noticed Lodul
 10702 | D:9      | Identified a scroll of acquirement
 10703 | D:9      | Acquired the +2 cloak "Rogyisey" {MP+9}
 10794 | D:9      | Bought a pair of embroidered gloves for 240 gold pieces
 10799 | D:9      | Bought a runed troll leather armour for 576 gold pieces
 10879 | D:9      | Killed Lodul
 11104 | D:10     | Found a runed translucent gate.
 11105 | D:10     | Found a runed translucent gate.
 11105 | D:10     | Found a runed translucent gate.
 11106 | D:10     | Noticed Xavori's ghost (journeyman DjCK)
 11106 | D:10     | Noticed DeathSocks's ghost (journeyman VSFi)
 11460 | D:11     | Noticed a boulder beetle
 11487 | D:11     | Killed a boulder beetle
 11572 | D:11     | Noticed a boulder beetle
 11584 | D:11     | Killed a boulder beetle
 11631 | D:11     | Reached skill level 11 in Summonings
 12253 | D:11     | Acquired 891 gold pieces
 12272 | D:11     | Bought a fuming pink potion for 23 gold pieces
 12272 | D:11     | Bought a scroll labelled OMEASHR ZIRIYL for 26 gold pieces
 12272 | D:11     | Bought 2 bubbling cyan potions for 46 gold pieces
 12434 | D:12     | Noticed a boulder beetle
 12434 | D:12     | Noticed a skeletal warrior
 12616 | Lair:1   | Entered Level 1 of the Lair of Beasts
 12636 | Lair:1   | Reached XP level 12. HP: 100/100 MP: 17/17
 13078 | Lair:1   | Reached skill level 12 in Summonings
 13317 | Lair:1   | Reached skill level 5 in Spellcasting
 13574 | Lair:2   | Noticed a death yak
 14004 | Lair:2   | Found a staircase to the Snake Pit.
 14160 | Lair:2   | Noticed a death yak
 14163 | Lair:2   | Noticed a death yak
 14166 | Lair:2   | Noticed a death yak
 14166 | Lair:2   | Noticed a death yak
 14167 | Lair:2   | Noticed a death yak
 14171 | Lair:2   | Killed a death yak
 14204 | Lair:2   | Killed a death yak
 14206 | Lair:2   | Killed a death yak
 14212 | Lair:2   | Killed a death yak
 14213 | Lair:2   | Reached XP level 13. HP: 106/109 MP: 17/22
 14400 | Lair:2   | Reached skill level 13 in Summonings
 14490 | Lair:2   | Identified the +2 robe of Objectivity {rElec Int+3}
 15620 | Lair:3   | Learned a level 7 spell: Monstrous Menagerie
 16240 | Lair:3   | Found a staircase to the Swamp.
 16705 | Lair:4   | Reached skill level 5 in Dodging
 16715 | Lair:4   | Reached skill level 14 in Summonings
 17634 | Lair:5   | Entered Level 5 of the Lair of Beasts
 17693 | Lair:5   | Reached XP level 14. HP: 120/120 MP: 24/24
 17896 | Lair:5   | Found a runed translucent door.
 17899 | Lair:5   | Noticed jestert79's ghost (journeyman DrWr)
 17900 | Lair:5   | Identified the +10 spear of Nazxom {freeze, rC++ rCorr
                  | Dex+2 Stlth-}
 18893 | Lair:5   | Found a viscous altar of Jiyva.
 18894 | Lair:5   | Found a staircase to the Slime Pits.
 19476 | Lair:5   | Reached skill level 15 in Summonings
 19711 | Orc:1    | Entered Level 1 of the Orcish Mines
 19739 | Orc:1    | Noticed an orc warlord
 19792 | Orc:1    | Killed an orc warlord
 19793 | Orc:1    | Reached skill level 15 in Fighting
 20278 | Orc:1    | Found a runed translucent door.
 20301 | Orc:1    | Noticed p00ps00p's ghost (journeyman HOFi)
 20535 | Orc:1    | Killed p00ps00p's ghost
 20603 | Orc:2    | Entered Level 2 of the Orcish Mines
 20749 | Orc:2    | Found Niwunk's Antique Weapon Shoppe.
 20915 | Orc:1    | Paralysed by an orc sorcerer for 2 turns
 21116 | Orc:2    | Paralysed by an orc sorcerer for 3 turns
 21323 | Orc:2    | Found Jiqidaen's Antique Armour Shoppe.
 21323 | Orc:2    | Found Tirph's Antique Weapon Shoppe.
 21332 | Orc:2    | Found Wubrot Nopp's Book Emporium.
 21351 | Orc:2    | Found Pigg's Weapon Emporium.
 21770 | Orc:2    | Reached XP level 15. HP: 118/129 MP: 23/25
 21888 | Orc:2    | Found a staircase to the Elven Halls.
 22129 | D:12     | Acquired 747 gold pieces
 22676 | D:12     | Identified the +1 morningstar "Byav" {freeze, *Noise Int+5
                  | SInv Stlth+}
 22823 | D:12     | Noticed a fire giant
 22831 | D:12     | Killed a fire giant
 23004 | D:12     | Noticed a sphinx
 23047 | D:12     | Killed a sphinx
 23048 | D:12     | Reached skill level 16 in Summonings
 23246 | D:12     | Found the +8 trishula "Condemnation" {holy, anguish, *Noise
                  | Fly rN+}
 23298 | D:12     | Reached skill level 1 in Armour
 23604 | D:12     | Noticed Jorgrun
 23638 | D:12     | Killed Jorgrun
 23796 | D:13     | Noticed Nessos
 23806 | D:13     | Killed Nessos
 24123 | D:12     | Bought a dazzling dagger for 189 gold pieces
 24123 | D:12     | Identified the +5 dagger "Huppelli" {drain, rC+} (You
                  | bought it in a shop on level 12 of the Dungeon)
 25040 | D:14     | Reached skill level 10 in Dodging
 25343 | D:14     | Reached skill level 1 in Short Blades
 25364 | D:14     | Found a gate to the Vaults.
 25817 | D:15     | Entered Level 15 of the Dungeon
 25839 | D:15     | Found a runed translucent gate.
 25841 | D:15     | Found a runed translucent gate.
 25842 | D:15     | Found a runed translucent gate.
 25842 | D:15     | Noticed Ipnialaiqo's ghost (journeyman FeSh)
 25842 | D:15     | Noticed a rockslime
 25845 | D:15     | Noticed an azure jelly
 25880 | D:15     | Found a viscous altar of Jiyva.
 26740 | Abyss:2  | Cast into level 2 of the Abyss (an occultist)
 26820 | Abyss:2  | Found a corrupted altar of Lugonu.
 26883 | Abyss:3  | Found a corrupted altar of Lugonu.
 26892 | Abyss:3  | Found a corrupted altar of Lugonu.
 26895 | Abyss:3  | Found a corrupted altar of Lugonu.
 26931 | Abyss:3  | Noticed a tentacled starspawn
 26936 | Abyss:3  | Killed a tentacled starspawn
 26951 | Abyss:3  | Noticed a tentacled starspawn
 26967 | Abyss:3  | Killed a tentacled starspawn
 27164 | Abyss:3  | Noticed a tentacled starspawn
 27338 | Abyss:3  | Reached skill level 17 in Summonings
 27338 | Abyss:3  | Gained mutation: You are partially covered in sharp spines.
                  | [demonic ancestry]
 27338 | Abyss:3  | Reached XP level 16. HP: 101/136 MP: 14/26
 27419 | Abyss:3  | HP: 5/136 [hell hog/fireball (9)]
 27419 | Abyss:3  | Killed from afar by a starcursed mass

Illustrated notes

Levels and vault maps discovered:
D:1:      ncdulo_smallfort, layout_rooms, serial_shops, nicolae_shop_stone,
          nicolae_shop_rolling_square, minmay_pentomino_q2
D:2:      layout_basic, uniq_sigmund
D:3:      layout_basic, mainiacjoe_overflow_alcove_3, slow_altar_2,
          ebering_ecumenical_altar_sacrificial, grunt_ministairs_15
D:4:      layout_rooms, led_sif_pool, nicolae_dithmenos_shadow_blocks,
          uniq_robin
D:5:      layout_cave_pools, nrook_campfire
D:6:      layout_rooms, makhleb_altar_promises_db, uniq_edmund, uniq_menkaure,
          uniq_grinder, uniq_prince_ribbit1
D:7:      layout_loops_cross, minmay_temple_entry_offerings,
          supply_closet_lemuel, uniq_maggie, uniq_maurice, uniq_duvessa
D:8:      lemuel_ratsnest, layout_loops_corners, dpeg_lair_monsters,
          minmay_hollow_rounded_squares, uniq_grum, uniq_jeremiah
D:9:      layout_gridville, serial_glass, glass_columns_c, glass_columns_a,
          minmay_between
D:10:     layout_basic, hiddenorc1_lemuel, gammafunk_ghost_cemetery,
          serial_shops, shop, uniq_lodul
D:11:     layout_long_grid
D:12:     evilmike_diamond_1, layout_basic, uniq_jorgrun
D:13:     layout_roguey, serial_curves, eino_curves_01, eino_curves_03,
          uniq_nessos
D:14:     layout_long_grid, david_vaults_5, minivault_24
D:15:     grunt_enter_depths_magical_seal, layout_basic, gammafunk_ghost_ooze,
          nicolae_wand_duel
Lair:1:   layout_roguey
Lair:2:   regret_index_harrowing_hell_hive, layout_loops_ring,
          dummy_snake_entry, serial_bayou_shore_b
Lair:3:   layout_regular_city, nicolae_swamp_entry_splash_gauntlet, minmay_holes
Lair:4:   layout_regular_city, grunt_megastairs_4, infiniplex_staircase_pool,
          serial_bayou_shore_b
Lair:5:   hangedman_lair_in_review, layout_regular_city,
          nicolae_slime_entry_field_trip, ebering_ghost_funeral_grove
Orc:1:    layout_caves, hellmonk_ghost_happy_afterlife,
          einodemon_barbed_minivault
Orc:2:    st_orc_mages, layout_caves, serial_shops, shop
Abyss:3:  base: D:1, small_statue_intersection

Skill      XL: |  1  2  3  4  5  6  7  8  9 10 11 12 13 14 15 |
---------------+----------------------------------------------+-----
Fighting       | 3 4 5 6 7 9 11 12 14 15 | 15.4
Summonings     | 4 5 7 8 9 11 12 14 15 17 | 17.0
Ice Magic      | 1 2 3 5 |  5.9
Spellcasting   | 3 6 7 |  7.0
Shields        | 2 4 5 |  5.2
Hexes          | 2 5 8 |  8.1
Dodging        | 5 8 10 | 10.8
Armour         | 3 |  3.8
Short Blades   | 2 |  2.7

Action                     |  1- 3 |  4- 6 |  7- 9 | 10-12 | 13-15 | 16-18 || total
---------------------------+-------+-------+-------+-------+-------+-------++-------
  Melee: Dagger            |   103 |   143 |   270 |   721 |  1252 |    11 ||  2500
   Cast: Summon Small Mamm |    24 |    18 |     4 |       |       |       ||    46
         Call Imp          |     5 |    18 |    31 |    15 |     5 |       ||    74
         Summon Ice Beast  |       |     1 |    33 |    72 |   106 |       ||   212
         Summon Mana Viper |       |       |       |    60 |   163 |     1 ||   224
         Monstrous Menager |       |       |       |       |    83 |     2 ||    85
 Invoke: Call Merchant     |       |       |       |     2 |     1 |       ||     3
         Potion Petition   |       |       |       |       |     3 |     1 ||     4
  Evoke: Wand              |       |       |     6 |     3 |     6 |       ||    15
    Use: Scroll            |     3 |       |     5 |     9 |    19 |     1 ||    37
         Potion            |       |     2 |       |     2 |     1 |     2 ||     7
   Stab: Distracted        |     1 |     1 |     2 |     5 |    14 |       ||    23
         Sleeping          |       |     2 |     1 |     3 |       |       ||     6
         Petrified         |       |       |       |       |     9 |       ||     9
 Armour: Robe              |    43 |   102 |   168 |       |       |       ||   313
         Steam dragon scal |       |       |    58 |   281 |       |       ||   339
         Troll leather arm |       |       |       |   455 |  1263 |    21 ||  1739
  Dodge: Dodged            |    45 |    93 |   131 |   516 |  1111 |     9 ||  1905
  Block: Buckler           |    27 |    40 |    72 |   291 |   458 |     4 ||   892

Table legend: (Time is in decaauts)
 A = Elapsed time spent in this place.
 B = Non-inter-level travel time spent in this place.
 C = Inter-level travel time spent in this place.
 D = Time resting spent in this place.
 E = Time spent auto-exploring this place.
 F = Levels seen in this place.
 G = Mean time per level.
                   A        B        C        D        E       F      G
               +--------+--------+--------+--------+--------+-----+--------+
         Total |  27603 |  26137 |   1466 |    935 |  18047 |  24 | 1150.1 |
       Dungeon |  17667 |  16514 |   1153 |    700 |  11625 |  15 | 1177.8 |
          Lair |   7016 |   6766 |    250 |     32 |   4841 |   5 | 1403.2 |
  Orcish Mines |   2247 |   2184 |     63 |     98 |   1333 |   2 | 1123.5 |
         Abyss |    671 |    671 |      0 |    105 |    247 |   2 |  335.5 |
               +--------+--------+--------+--------+--------+-----+--------+

Top non-repeatable levels by time:
     D:8: 2177 daAuts
  Lair:5: 1858 daAuts
     D:9: 1709 daAuts
    D:12: 1693 daAuts
  Lair:2: 1615 daAuts
    D:10: 1469 daAuts
  Lair:3: 1290 daAuts
     D:2: 1270 daAuts
   Orc:2: 1204 daAuts
    D:13: 1200 daAuts
  Lair:4: 1178 daAuts
    D:11: 1091 daAuts
  Lair:1: 1075 daAuts
   Orc:1: 1043 daAuts
     D:3: 998 daAuts
